 Dungeon Crawl Stone Soup version 0.19.1-1-g22dce08 (webtiles) character file.

1310 M4edhros the Chopper (level 8, 0/105 HPs)
             Began as a Minotaur Berserker on Jan 5, 2017.
             Was a Believer of Trog.
             Slain by an orc warrior
             ... wielding a +0 hand axe
              (14 damage)
             ... on level 9 of the Dungeon.
             The game lasted 00:02:41 (2456 turns).

M4edhros the Chopper (Minotaur Berserker)           Turns: 2456, Time: 00:02:42

Health: 0/105      AC: 11    Str: 31      XL:     8   Next: 32%
Magic:  7/7        EV: 12    Int:  7 (10) God:    Trog [**....]
Gold:   156        SH:  0    Dex: 11      Spells: 0 memorised, 7 levels left

rFire  . . .     SeeInvis +     s - +1 battleaxe of the Nexus {venom, *Noise MR+++ Str+3 Int+6}
rCold  . . .     Gourm    .     l - +0 scale mail
rNeg   . . .     Faith    .     (shield currently unavailable)
rPois  .         Spirit   .     (helmet restricted)
rElec  .         Reflect  .     h - +0 cloak
rCorr  .         Harm     .     (no gloves)
MR     +++..                    q - +0 pair of boots
Stlth  ..........               (no amulet)
                                A - +2 ring of protection
                                n - ring of see invisible

@: berserking, very quick
A: retaliatory headbutt, horns 2
a: Berserk, Trog's Hand, Burn Spellbooks, Renounce Religion


You were on level 9 of the Dungeon.
You worshipped Trog.
Trog was pleased with you.
You were not hungry.

You visited 1 branch of the dungeon, and saw 7 of its levels.

You collected 156 gold pieces.

Inventory:

Hand Weapons
 a - a +0 hand axe
 s - the +1 battleaxe of the Nexus (weapon) {venom, *Noise MR+++ Str+3 Int+6}
   (You found it on level 9 of the Dungeon)

   It poisons the flesh of those it strikes.
   It affects your strength (+3).
   It affects your intelligence (+6).
   It affects your resistance to hostile enchantments.
   It may make noises in combat.
Armour
 b - a +0 animal skin
 h - a +0 cloak (worn)
 l - a +0 scale mail (worn)
 p - a +0 pair of boots
 q - a +0 pair of boots (worn)
 B - a +0 large shield
Jewellery
 n - a ring of see invisible (left hand)
 v - an uncursed ring of stealth
 z - the amulet of Jigi {Inacc rElec rC- SInv}
   (You found it on level 5 of the Dungeon)

   [amulet of inaccuracy]

   It reduces the accuracy of all your attacks.
   It makes you vulnerable to cold.
   It insulates you from electricity.
   It lets you see invisible.
 A - a +2 ring of protection (right hand)
Wands
 g - a wand of lightning (7/15)
Scrolls
 e - a scroll of teleportation {unknown}
 f - a scroll of noise {unknown}
 k - 3 scrolls of identify {unknown}
 r - 2 scrolls of blinking {unknown}
 y - 2 scrolls of recharging {unknown}
Potions
 i - 2 potions of curing
 m - a potion of haste
 t - a potion of lignification {unknown}
 u - a potion of brilliance {unknown}
 x - a potion of cancellation {unknown}
Books
 w - a book of Misfortune

   Spells                             Type                      Level
   a - Confusing Touch                Hexes                        1
   b - Confuse                        Hexes                        3
   c - Gell's Gravitas                Hexes/Translocation          3
   d - Petrify                        Transmutation/Earth          4
   e - Metabolic Englaciation         Hexes/Ice                    5
   f - Yara's Violent Unravelling     Hexes/Transmutation          5
   Trog disapproves of the use of such an item.
Comestibles
 c - 4 bread rations
 d - 3 meat rations
 j - a beef jerky
 o - 2 fruits


   Skills:
 + Level 6.0 Fighting
 * Level 7.9 Axes
 + Level 5.3 Armour
 + Level 5.1 Dodging
 * Level 4.7 Shields


You had 7 spell levels left.
You didn't know any spells.

Dungeon Overview and Level Annotations

Branches:
Dungeon (9/15)                Orc (0/2) D:9
 Temple: D:4-7         Lair: D:8-11

Altars:
Hepliaklqana
Vehumet

Shops:
D:5 (

Annotations:
D:5 Blork the orc


Innate Abilities, Weirdness & Mutations

You reflexively headbutt those who attack you in melee.
You have a pair of horns on your head.


Message History

You closely miss the warg.
The warg is almost dead.
You barely miss the orc warrior.
The warg closely misses you. 2 yaks come into view.
Unknown command.
You closely miss the warg.
The yak bellows!
Your headbutt misses the warg.
The warg is almost dead.
You barely miss the yak. You slash the orc warrior!
The orc warrior looks as sick as possible!
The orc warrior hits you but does no damage.
The warg bites you but does no damage.
You closely miss the warg.
The warg is almost dead.
You closely miss the yak. You closely miss the orc warrior. The yak gores you!
* * * LOW HITPOINT WARNING * * *
The warg misses you.
The orc warrior hits you with a hand axe!
You die...

........#
#.).......
........#
#.........
........#
#.........
#.......#
#.))...... #
#.......#
#......... #
#.......#
##......... #
#..........
#######..........
......h@.....####
......)Yo....#
.............#
.............#
.............#
.............#
.Y.Y...........
......>........


You could see 3 yaks, a warg and an orc warrior.

Vanquished Creatures
  A cyclops (D:9)
  An orc warrior (D:9)
  An ogre (D:9)
  3 phantoms
  A centaur (D:9)
  A scorpion (D:5)
  A centaur zombie (D:8)
  A crimson imp (D:9)
  3 orc wizards
  A bullfrog skeleton (D:9)
  A centaur skeleton (D:4)
  An iguana (D:9)
  Terence (D:2)
  An adder (D:3)
  A shadow imp (D:9)
  2 worms
  A dart slug (D:1)
  A leopard gecko (D:2)
  10 orcs
  2 bats
  4 giant cockroaches
  3 goblins
  2 hobgoblins
  6 jackals
  2 quokkas (D:4)
  3 frilled lizards
  A leopard gecko skeleton (D:4)
  2 rats (D:1)
58 creatures vanquished.

Vanquished Creatures (others)
  A bat (D:3)
  A hobgoblin (D:3)
2 creatures vanquished.

Grand Total: 60 creatures vanquished

Notes
Turn   | Place    | Note
-------+----------+-------------------------------------------
     0 | D:1      | M4edhros the Minotaur Berserker began the quest for the Orb.
     0 | D:1      | Reached XP level 1. HP: 19/19 MP: 0/0
    51 | D:1      | Reached XP level 2. HP: 12/27 MP: 1/1
   178 | D:1      | Reached skill level 4 in Axes
   290 | D:2      | Noticed Terence
   294 | D:2      | Killed Terence
   294 | D:2      | Reached XP level 3. HP: 8/33 MP: 2/2
   595 | D:2      | Reached ** piety under Trog
   764 | D:3      | Found a radiant altar of Vehumet.
   767 | D:3      | Reached XP level 4. HP: 40/40 MP: 3/3
   933 | D:4      | Reached skill level 5 in Axes
  1030 | D:4      | Reached XP level 5. HP: 26/47 MP: 4/4
  1094 | D:4      | Found a hazy altar of Hepliaklqana.
  1176 | D:4      | Noticed a phantom
  1193 | D:4      | Killed a phantom
  1232 | D:4      | Noticed a phantom
  1251 | D:4      | Killed a phantom
  1251 | D:4      | Reached skill level 6 in Axes
  1251 | D:4      | Reached XP level 6. HP: 49/55 MP: 5/5
  1381 | D:5      | Entered Level 5 of the Dungeon
  1401 | D:5      | Reached skill level 5 in Fighting
  1594 | D:5      | Found Xunocot's Weapon Shoppe.
  1703 | D:5      | Got a brightly glowing ivory amulet
  1801 | D:5      | Identified the amulet of Jigi {Inacc rElec rC- SInv} (You found it on level 5 of the Dungeon)
  1824 | D:5      | Noticed Blork the orc
  1825 | D:5      | You fall through a shaft for 3 floors!
  1855 | D:9      | Reached skill level 1 in Shields
  1856 | D:9      | Reached XP level 7. HP: 61/61 MP: 6/6
  1858 | D:9      | Noticed a cyclops
  2058 | D:9      | Killed a cyclops
  2058 | D:9      | Reached skill level 7 in Axes
  2058 | D:9      | Reached skill level 5 in Armour
  2058 | D:9      | Reached XP level 8. HP: 50/70 MP: 7/7
  2163 | D:9      | Got a slimy battleaxe
  2170 | D:9      | Identified the +1 battleaxe of the Nexus {venom, *Noise MR+++ Str+3 Int+6} (You found it on level 9 of the Dungeon)
  2433 | D:9      | Reached skill level 5 in Dodging
  2447 | D:9      | Found a staircase to the Orcish Mines.
  2456 | D:9      | Slain by an orc warrior

Skill      XL: |  1  2  3  4  5  6  7  8 |
---------------+-------------------------+-----
Axes           | 4 5 6 7 |  7.9
Fighting       | 4 5 6 |  6.0
Armour         | 3 4 5 |  5.3
Dodging        | 3 4 5 |  5.1
Shields        | 1 3 4 |  4.7

Action                   |  1- 3 |  4- 6 |  7- 9 || total
-------------------------+-------+-------+-------++-------
Melee: Hand axe          |    48 |    87 |    22 ||   157
       Headbutt          |     6 |    22 |     9 ||    37
       Battleaxe         |       |       |    19 ||    19
Invok: Berserk           |     1 |     2 |     2 ||     5
       Trog's Hand       |       |       |     1 ||     1
  Use: Potion            |       |       |     4 ||     4
 Stab: Sleeping          |     1 |       |       ||     1
  Eat: Chunk             |       |     4 |       ||     4
       Meat ration       |       |       |     1 ||     1
       Beef jerky        |       |       |     1 ||     1
Armor: Animal skin       |     5 |       |       ||     5
       Scale mail        |     2 |    36 |     9 ||    47
Dodge: Dodged            |    26 |    39 |    18 ||    83
Block: Large shield      |       |     8 |    14 ||    22
